 Dungeon Crawl Stone Soup version 0.25.0-9-g26727b657a (webtiles) character file.

Game seed: 9852544222990440159

1793 funkygono the Covered (level 9, -10/54 HPs)
             Began as a Gargoyle Fighter on June 21, 2020.
             Was an Initiate of Sif Muna.
             Mangled by an ogre
             ... wielding a +0 giant club
              (27 damage)
             ... on level 5 of the Dungeon.
             The game lasted 00:11:19 (5794 turns).

funkygono the Covered (Gargoyle Fighter)            Turns: 5794, Time: 00:11:19

Health: -10/54     AC: 12    Str: 21    XL:     9   Next: 9%
Magic:  9/9        EV:  9    Int: 11    God:    Sif Muna [......]
Gold:   283        SH: 11    Dex:  9    Spells: 8/8 levels left

rFire    . . .     SeeInvis .   w - +1 flail (holy)
rCold    . . .     Gourm    .   c - +1 kite shield
rNeg     + . .     Faith    .   b - +0 scale mail
rPois    ∞         Spirit   .   n - +2 hat
rElec    +         Reflect  .   (no cloak)
rCorr    .         Harm     .   (no gloves)
MR       +....                  (no boots)
Stlth    ..........             (no amulet)
HPRegen  0.18/turn              k - -4 ring of protection (curse)
MPRegen  0.11/turn              v - ring of protection from magic

@: no status effects
A: negative energy resistance 1, electricity resistance, unbreathing,
petrification resistance, rot immunity, AC +6
a: Renounce Religion


You were on level 5 of the Dungeon.
You worshipped Sif Muna.
Sif Muna was noncommittal.
You were not hungry.

You visited 2 branches of the dungeon, and saw 7 of its levels.

You collected 283 gold pieces.

Inventory:

Hand Weapons
 a - a +1 flail
 w - a +1 flail of holy wrath (weapon)
Missiles
 j - 76 stones (quivered)
Armour
 b - a +0 scale mail (worn)
 c - a +1 kite shield (worn)
 d - a +0 hat
 n - a +2 hat (worn)
Jewellery
 k - a cursed -4 ring of protection (left hand)
 l - an uncursed ring of protection from cold
 v - a ring of protection from magic (right hand)
Wands
 r - a wand of digging (5)
Scrolls
 o - a scroll of fog
 t - 3 scrolls of teleportation
 u - a scroll of magic mapping
Potions
 e - a potion of curing {unknown}
 g - a potion of magic
 h - 2 potions of flight
 i - 4 potions of brilliance
 p - a potion of might
 q - 3 potions of stabbing
 s - a potion of degeneration {unknown}
Comestibles
 f - 9 rations
 m - 10 chunks of flesh


   Skills:
 + Level 5.5 Fighting
 + Level 7.0 Maces & Flails
 + Level 7.0 Armour
 + Level 2.6 Dodging
 + Level 0.7 Stealth
 + Level 6.1 Shields


You had 8 spell levels left.
You didn't know any spells.
Your spell library was empty.

Dungeon Overview and Level Annotations

Branches:
Dungeon (6/15)             Temple (1/1) D:6

Altars:
Ashenzari
Cheibriados
Dithmenos
Elyvilon
Fedhas
Hepliaklqana
Makhleb
Okawaru
Ru
Sif Muna
Trog
Uskayaw
Vehumet
Wu Jian
Xom
Yredelemnul
Zin
The Shining One

Annotations:
D:6 1 runed translucent door, Kono's ghost, amateur FoAK


Innate Abilities, Weirdness & Mutations

You are resistant to torment.
Your stone body is resilient. (AC +6)
You are immune to poison.
You resist negative energy. (rN+)
You are resistant to electric shocks. (rElec)
You can survive without breathing.
You are immune to petrification.
You are immune to rotting.


Message History

The orc warrior hits you with a +0 halberd.
* * * LOW HITPOINT WARNING * * *
You block the ogre's attack.
Unknown command.
You block the orc warrior's attack. The ogre barely misses you.
The orc warrior throws a stone.
The stone hits you but does no damage.
You see here 2 stones.
The orc warrior throws a stone.
You block the stone.
You see here a stone.
Things that are here:
a +0 leather armour; a +0 flail
There is a stone staircase leading up here.
You block the ogre's attack.
You climb upwards.
There is a stone staircase leading down here.
You hit the ogre.
The ogre is lightly wounded.
The ogre hits you with a +0 giant club!!
Ouch! That really hurt!
You die...

# #.# #.# #..#.......#
#####.###.# #.#####..###
......#...######.#####..#
######..#............#..##
#.###...............#
#(.#..###...........# ##
##...## #.#.###.#...# .#
##.## #.#.# #.#...# .# #.#
#.#@###.#...# .# #.#
#.#.O.......# ## #.#
#.#####.#.###### # #.# #.#
#.#......# # #.#
#.#####.#.####.# # #.#
#.........# #.# # #.#
#######...# #.# # ###.##
#####...# #.# ######....#
#.......# #.#


You could see an ogre.

Vanquished Creatures
  The ghost of ZomBoFoB the Skirmisher, an amateur FoAK of Lugonu (D:4)
  An orc warrior (D:5)
  A phantom (D:6)
  3 ogres
  A centaur (D:4)
  3 bullfrogs (D:6)
  2 scorpions (D:4)
  2 howler monkeys
  5 hounds
  A centaur skeleton (D:5)
  5 orc wizards
  2 orc priests (D:6)
  Terence (D:3)
  An iguana (D:4)
  2 worker ants
  A hound skeleton (D:5)
  A gnoll (D:1)
  9 adders
  An ooze (D:2)
  3 adder skeletons
  2 worms
  3 dart slugs
  2 leopard geckos
  18 orcs
  4 ball pythons
  2 giant cockroaches
  10 goblins
  8 hobgoblins
  8 jackals
  10 kobolds
  2 quokkas
  5 bats
  4 frilled lizards
  10 rats
134 creatures vanquished.

Notes
Turn   | Place    | Note
-------+----------+-------------------------------------------
     0 | D:1      | funkygono the Gargoyle Fighter began the quest for the Orb.
     0 | D:1      | Reached XP level 1. HP: 14/14 MP: 1/1
   142 | D:1      | Reached XP level 2. HP: 11/19 MP: 2/2
   611 | D:1      | Reached XP level 3. HP: 24/24 MP: 3/3
  1281 | D:2      | Reached XP level 4. HP: 27/29 MP: 4/4
  1814 | D:2      | Reached skill level 1 in Dodging
  1814 | D:2      | Reached XP level 5. HP: 33/33 MP: 5/5
  2038 | D:3      | Found a blossoming altar of Fedhas.
  2423 | D:3      | Noticed Terence
  2435 | D:3      | Killed Terence
  2825 | D:4      | Noticed a centaur
  2844 | D:4      | Killed a centaur
  2844 | D:4      | Reached XP level 6. HP: 26/38 MP: 6/6
  3239 | D:4      | Reached XP level 7. HP: 40/44 MP: 7/7
  3365 | D:4      | Reached skill level 5 in Maces & Flails
  3548 | D:4      | Found a runed translucent door.
  3548 | D:4      | Noticed ZomBoFoB's ghost (amateur FoAK)
  3607 | D:4      | Killed ZomBoFoB's ghost
  3607 | D:4      | Reached skill level 5 in Shields
  3917 | D:5      | Entered Level 5 of the Dungeon
  3958 | D:5      | Reached skill level 5 in Armour
  4150 | D:5      | Reached XP level 8. HP: 47/48 MP: 8/8
  4605 | D:5      | Found a snail-covered altar of Cheibriados.
  4799 | D:6      | Found a runed translucent door.
  4799 | D:6      | Found a staircase to the Ecumenical Temple.
  4818 | D:6      | Reached skill level 5 in Fighting
  5329 | Temple   | Entered the Ecumenical Temple
  5597 | Temple   | Became a worshipper of Sif Muna the Loreminder
  5608 | D:6      | Noticed Kono's ghost (amateur FoAK)
  5664 | D:6      | Reached XP level 9. HP: 52/54 MP: 9/9
  5794 | D:5      | Mangled by an ogre

Illustrated notes

Levels and vault maps discovered:
D:1:      wander_arrival_lonely_grave, layout_basic
D:2:      layout_loops_cross
D:3:      layout_basic, fedhas_ov_isle_minmay, uniq_terence
D:4:      layout_loops_cross, first_ration, ebering_ghost_sewer_d, fountainhead
D:5:      layout_loops_ring, overflow_temple_1_default,
          corexii_item_surrounded_by_moat, minmay_misc_feat_iff,
          hangedman_decor_growths
D:6:      layout_rooms, gammafunk_temple_overflow_wave,
          minmay_temple_entry_arrows, hellmonk_ghost_happy_afterlife
Temple:   nicolae_temple_x_marks_the_god

Skill      XL: |  1  2  3  4  5  6  7  8  9 |
---------------+----------------------------+-----
Maces & Flails | 3 4 5 6 7 |  7.0
Shields        | 4 5 6 |  6.1
Dodging        | 1 2 |  2.6
Fighting       | 4 5 |  5.5
Armour         | 4 5 6 7 |  7.0
Stealth        | |  0.7

Action                   |  1- 3 |  4- 6 |  7- 9 || total
-------------------------+-------+-------+-------++-------
Melee: Flail             |   161 |   199 |   282 ||   642
  Use: Scroll            |     2 |     7 |     4 ||    13
       Potion            |       |     1 |     2 ||     3
  Eat: Chunk             |     2 |     6 |     9 ||    17
Armor: Scale mail        |    92 |    83 |   124 ||   299
Dodge: Dodged            |    50 |    58 |   110 ||   218
Block: Kite shield       |   103 |   116 |   146 ||   365
